 Dungeon Crawl Stone Soup version 0.25.1-2-g60ff931df9 (webtiles) character file.

Game seed: 3392685583083439962

6060 gruber the Thaumaturge (level 10, -1/56 HPs)
             Began as an Octopode Ice Elementalist on Oct 17, 2020.
             Was a Priest of Vehumet.
             Slain by a gnoll
             ... wielding a +0 halberd
              (16 damage)
             ... on level 9 of the Dungeon.
             The game lasted 00:19:54 (12691 turns).

gruber the Thaumaturge (Octopode Ice Elementalist) Turns: 12691, Time: 00:19:55

Health: -1/56      AC:  1    Str:  8    XL:     10   Next: 87%
Magic:  22/25      EV: 13    Int: 20    God:    Vehumet [***...]
Gold:   118        SH:  0    Dex: 13    Spells: 21/31 levels left

rFire    . . .     SeeInvis .   t - +1 hand axe (vamp)
rCold    + . .     Gourm    .   (no shield)
rNeg     . . .     Faith    .   i - +0 hat
rPois    .         Spirit   .   r - amulet of magic regeneration
rElec    .         Reflect  .   m - ring of stealth
rCorr    +         Harm     .   B - ring of resist corrosion
MR       .....                  G - ring of protection from cold
Stlth    ++++......             (no ring)
HPRegen  0.18/turn              (no ring)
MPRegen  0.44/turn              (no ring)
                                (no ring)
                                (no ring)

@: no status effects
A: almost no armour, stealthy swim, amphibious, 8 rings, constrict 8, camouflage
1, gelatinous body 1
a: Renounce Religion


You were on level 9 of the Dungeon.
You worshipped Vehumet.
Vehumet was most pleased with you.
You were not hungry.

You visited 2 branches of the dungeon, and saw 10 of its levels.

You collected 468 gold pieces.
You spent 350 gold pieces at shops.

Inventory:

Hand Weapons
 p - a +0 trident
 t - a +1 vampiric hand axe (weapon)
 D - a +2 hand axe of flaming
Missiles
 q - 38 poisoned darts (quivered)
Armour
 i - a +0 hat (worn)
Jewellery
 m - a ring of stealth (left tentacle)
 r - an amulet of magic regeneration (around mantle)
 B - a ring of resist corrosion (right tentacle)
 G - a ring of protection from cold (on tentacle)
Wands
 u - a wand of acid (5)
 y - a wand of polymorph (7)
 C - a wand of disintegration (22)
 H - a wand of iceblast (10)
Scrolls
 a - 2 scrolls of blinking
 c - 4 scrolls of magic mapping {unknown}
 d - 6 scrolls of teleportation {unknown}
 f - 3 scrolls of fear {unknown}
 g - a scroll of fog {unknown}
 h - 5 scrolls of enchant armour
 k - 17 scrolls of identify
 l - 5 scrolls of remove curse {unknown}
 n - 5 scrolls of enchant weapon {unknown}
 v - a scroll of amnesia {unknown}
 x - 3 scrolls of vulnerability {unknown}
 z - 2 scrolls of random uselessness {unknown}
 A - 5 scrolls of noise {unknown}
 F - a scroll of holy word {unknown}
Potions
 e - a potion of degeneration {unknown}
 j - 3 potions of might {unknown}
 o - 4 potions of brilliance {unknown}
 s - 4 potions of curing {unknown}
 w - 2 potions of flight {unknown}
 I - a potion of berserk rage {unknown}
Comestibles
 b - 24 rations
 E - 2 chunks of flesh


   Skills:
 - Level 2.0 Dodging
 - Level 2.6 Stealth
 - Level 11.0 Spellcasting
 - Level 5.2 Conjurations
 - Level 3.0 Summonings
 * Level 9.6 Ice Magic


You had 21 spell levels left.
You knew the following spells:

 Your Spells              Type           Power        Failure   Level  Hunger
a - Freeze                Ice            ####         1%          1    None
b - Frozen Ramparts       Ice            #####.       1%          3    None
c - Summon Ice Beast      Ice/Summ       #####...     4%          4    ##.....
d - Searing Ray           Conj           ####..       1%          2    None

Your spell library contained the following spells:

 Spells                   Type           Power        Failure   Level  Hunger
 Inner Flame              Hex/Fire       ##......     5%          3    None
 Magic Dart               Conj           ####         1%          1    None
 Dazzling Flash           Conj/Hex       ###...       1%          3    None
 Hailstorm                Conj/Ice       #####...     1%          4    ##.....
 Ozocubu's Armour         Chrm/Ice       ####....     2%          3    None
 Infusion                 Chrm           ##..         6%          1    None
 Fulminant Prism          Conj/Hex       ###.......   6%          4    ##.....
 Iskenderun's Mystic Bla  Conj/Tloc      ###.....     6%          4    ##.....
 Shroud of Golubria       Chrm/Tloc      ##....       10%         2    None
 Song of Slaying          Chrm           ##......     10%         2    None
 Confusing Touch          Hex            ##......     19%         3    None
 Gell's Gravitas          Tloc           ##........   19%         3    None
 Spectral Weapon          Hex/Chrm       ##......     19%         3    None
 Metabolic Englaciation   Hex/Ice        ####......   24%         5    ####...
 Yara's Violent Unravell  Hex/Tmut       ##........   38%         5    ####...
 Petrify                  Tmut/Erth      ##......     52%         4    ##.....


Dungeon Overview and Level Annotations

Branches:
Dungeon (9/15)             Temple (1/1) D:5            Lair (0/6) D:8
    Orc: D:9-12

Altars:
Dithmenos
Elyvilon
Fedhas
Gozag
Kikubaaqudgha
Makhleb
Nemelex Xobeh
Sif Muna
Uskayaw
Vehumet
Wu Jian
Xom
Beogh

Shops:
D:5 }   D:8 ?

Annotations:
D:4 2 transporters, Frank's ghost, amateur DsGl
D:6 3 runed translucent doors, Britanger's ghost, novice DEWz


Innate Abilities, Weirdness & Mutations

You cannot wear most types of armour.
You are very stealthy in the water. (Stealth+)
You are amphibious.
You can wear up to eight rings at the same time.
You can use your tentacles to constrict eight enemies at once.
Your skin changes colour to match your surroundings (Stealth+).
Your rubbery body absorbs attacks. (AC +1, EV +1)


Message History

Confirm with . or Enter, or press ? or * to list all spells.
The walls around you are covered in ice.
The wall freezes the gnoll sergeant.
You kill the gnoll sergeant!
Vehumet accepts your kill.
You feel your power returning.
Unknown command.
Unknown command.
You swap places.
Things that are here:
a +0 trident; a +0 scale mail You start resting.
Eating one of 3 chunks of flesh.
You eat one of the 3 chunks of flesh.
This raw flesh tastes terrible.
The frozen ramparts melt away.
You start resting.
The gnoll is too close now for your liking.
A gnoll is nearby!
Your magical contamination has completely faded away.
The gnoll hits you from afar with a +0 halberd!
You die...

...##............♣
...............# #
#.............# ##.
###......÷....##..... #..#
#....##.÷......#.....
##..##..#...........#.....
#......####)..............
###......####g)##...........
##........YY@.###.....##.....
#...##...>.................#.
#....##.........#....#..####
#.....#.........##..##..###.
###....#........##.###...###
##.....#....#............#..
#......#....................
##.....###..................
#.....####...##.#..........


You could see a gnoll and 2 friendly ice beasts.

Vanquished Creatures
  Harold (D:8)
  A two-headed ogre (D:9)
  A manticore (D:8)
  Joseph (D:8)
  A porcupine (D:8)
  An ice beast (D:9)
  A sky beast (D:8)
  2 orc warriors (D:7)
  2 ogres
  3 phantoms
  3 black bears
  A necrophage (D:7)
  6 centaurs
  A crocodile (D:8)
  2 bullfrogs (D:8)
  A gnoll sergeant (D:9)
  3 scorpions
  3 nameless horrors (D:7)
  3 howler monkeys (D:9)
  An electric eel (D:6)
  7 crimson imps
  A bullfrog zombie (D:8)
  A centaur zombie (D:7)
  A quasit (D:5)
  5 hounds
  A jelly (D:7)
  5 orc priests
  A bullfrog skeleton (D:8)
  8 orc wizards
  6 iguanas
  11 worker ants
  A worker ant zombie (D:5)
  3 gnolls (D:9)
  A howler monkey skeleton (D:4)
  8 adders
  2 shadow imps
  2 adder skeletons
  A worm (D:3)
  3 leopard geckos
  55 orcs
  2 ball pythons
  6 bats
  7 giant cockroaches
  5 goblins
  9 hobgoblins
  A jackal (D:8)
  6 quokkas
  4 frilled lizards
  14 kobolds
  6 rats
  A fungus (D:8)
222 creatures vanquished.

Vanquished Creatures (collateral kills)
  An orc warrior (D:8)
  2 porcupines (D:8)
  An ice beast (D:8)
  A centaur (D:8)
  A phantom (D:8)
  A big kobold (D:7)
  A bullfrog (D:8)
  A wyvern skeleton (D:6)
  2 scorpions
  A centaur zombie (D:6)
  A bullfrog skeleton (D:6)
  A hound (D:8)
  A centaur skeleton (D:8)
  A worker ant (D:9)
  A killer bee zombie (D:9)
  A gnoll (D:9)
  An adder (D:8)
  A giant cockroach (D:8)
  A quokka (D:7)
  A kobold (D:7)
22 creatures vanquished.

Vanquished Creatures (others)
  10 fungi
  6 plants
16 creatures vanquished.

Grand Total: 260 creatures vanquished

Notes
Turn   | Place    | Note
-------+----------+-------------------------------------------
     0 | D:1      | gruber the Octopode Ice Elementalist began the quest for
                  | the Orb.
     0 | D:1      | Reached XP level 1. HP: 11/11 MP: 3/3
   325 | D:1      | Reached XP level 2. HP: 11/17 MP: 5/5
  1262 | D:2      | Reached XP level 3. HP: 19/21 MP: 6/6
  1801 | D:3      | Reached skill level 5 in Ice Magic
  2069 | D:3      | Learned a level 3 spell: Frozen Ramparts
  2224 | D:3      | Reached XP level 4. HP: 27/27 MP: 7/7
  2662 | D:4      | Reached XP level 5. HP: 31/31 MP: 5/8
  2681 | D:4      | Reached skill level 3 in Spellcasting
  2681 | D:4      | Reached XP level 6. HP: 6/36 MP: 7/10
  3103 | D:4      | Found a transporter.
  3109 | D:4      | Found a transporter.
  3111 | D:4      | Noticed Frank's ghost (amateur DsGl)
  3779 | D:3      | Found a shimmering altar of Xom.
  3806 | D:5      | Entered Level 5 of the Dungeon
  4063 | D:5      | Noticed a phantom
  4116 | D:4      | Learned a level 4 spell: Summon Ice Beast
  4119 | D:4      | Learned a level 2 spell: Searing Ray
  4165 | D:5      | Reached XP level 7. HP: 41/41 MP: 8/11
  4640 | D:5      | Reached skill level 1 in Summonings
  5017 | D:5      | Found an ornate altar of the Wu Jian Council.
  5248 | D:5      | Found a staircase to the Ecumenical Temple.
  5253 | D:5      | Reached skill level 1 in Conjurations
  5258 | Temple   | Entered the Ecumenical Temple
  5267 | Temple   | Became a worshipper of Vehumet
  5325 | D:5      | Found Vus Wohe's Gadget Shoppe.
  5400 | D:5      | Reached XP level 8. HP: 23/46 MP: 9/12
  5985 | D:6      | Found a runed translucent gate.
  5986 | D:6      | Found a runed translucent gate.
  5987 | D:6      | Found a runed translucent gate.
  5988 | D:6      | Noticed Britanger's ghost (novice DEWz)
  6744 | D:6      | Reached skill level 5 in Conjurations
  6997 | D:6      | Reached skill level 4 in Spellcasting
  7867 | D:7      | Reached skill level 5 in Spellcasting
  7924 | D:7      | Reached * piety under Vehumet
  7924 | D:7      | Offered knowledge of Shock by Vehumet.
  8081 | D:7      | Reached XP level 9. HP: 33/51 MP: 13/17
  8219 | D:7      | Reached skill level 6 in Spellcasting
  8600 | D:7      | Reached skill level 7 in Spellcasting
  8943 | D:8      | Found a blossoming altar of Fedhas.
  9244 | D:8      | Reached skill level 8 in Spellcasting
  9517 | D:8      | Noticed Harold
  9531 | D:8      | Killed Harold
  9531 | D:8      | Reached skill level 9 in Spellcasting
  9531 | D:8      | Reached XP level 10. HP: 27/56 MP: 6/23
  9539 | D:8      | Noticed a manticore
  9710 | D:8      | Found a roughly hewn altar of Beogh.
  9716 | D:8      | Reached ** piety under Vehumet
  9716 | D:8      | Offered knowledge of Foxfire by Vehumet.
 10000 | D:8      | Reached skill level 10 in Spellcasting
 10005 | D:8      | Killed a manticore
 10137 | D:8      | Found a staircase to the Lair.
 10657 | D:8      | Noticed Joseph
 10671 | D:8      | Killed Joseph
 11142 | D:8      | Found Caeted's Magic Scroll Shoppe.
 11416 | D:7      | Offered knowledge of Inner Flame by Vehumet.
 11521 | D:8      | Reached skill level 11 in Spellcasting
 11567 | D:8      | Found a shadowy altar of Dithmenos.
 11627 | D:8      | Bought a scroll of blinking for 105 gold pieces
 11627 | D:8      | Bought a scroll of identify for 28 gold pieces
 11627 | D:8      | Bought 2 scrolls of identify for 56 gold pieces
 11627 | D:8      | Bought a scroll of identify for 28 gold pieces
 11627 | D:8      | Bought a scroll of identify for 28 gold pieces
 11627 | D:8      | Bought a scroll of enchant armour for 105 gold pieces
 12137 | D:9      | Reached *** piety under Vehumet
 12595 | D:9      | Noticed a two-headed ogre
 12612 | D:9      | Killed a two-headed ogre
 12691 | D:9      | Slain by a gnoll

Illustrated notes

Levels and vault maps discovered:
D:1:      minmay_arrival_diagonal_passages, layout_loops_ring, minmay_circled_x
D:2:      layout_basic, serial_bayou_pond_a
D:3:      lemuel_upstairs_altar, layout_rooms, first_ration, wad_floor_pattern_2
D:4:      layout_loops_ring, gammafunk_ghost_stat_death
D:5:      layout_gridville, lemuel_coloured_pillars_altar,
          minmay_temple_entry_proselytizer, serial_shops, shop_fountains
D:6:      layout_loops_corners, gammafunk_ghost_necromancy, minmay_crystal_water
D:7:      layout_basic, grunt_ogre_cave
D:8:      layout_gridville, due_lair_maze_entry_diamond, basic_altar,
          special_room [special_room_orc], serial_shops,
          nicolae_shop_statue_plus, nicolae_dithmenos_the_darkroom, uniq_joseph,
          uniq_harold
D:9:      layout_cave_pools, ebering_ghost_funeral_grove
Temple:   compressed_dpeg_triangle_lava_temple

Skill      XL: |  1  2  3  4  5  6  7  8  9 10 |
---------------+-------------------------------+-----
Ice Magic      | 5 6 7 8 9 |  9.6
Spellcasting   | 3 5 9 11 | 11.0
Summonings     | 3 |  3.0
Conjurations   | 2 5 |  5.2
Dodging        | |  2.0
Stealth        | |  2.6

Action                   |  1- 3 |  4- 6 |  7- 9 | 10-12 || total
-------------------------+-------+-------+-------+-------++-------
Melee: Unarmed           |    75 |       |       |       ||    75
       Constrict         |    32 |    12 |    32 |    25 ||   101
       Tentacles         |    20 |     3 |    20 |    19 ||    62
       Trident           |    23 |       |    36 |       ||    59
       Hand axe          |     7 |    46 |   117 |    92 ||   262
       Short sword       |       |     5 |    10 |       ||    15
Throw: Dart              |     6 |     5 |       |     3 ||    14
 Cast: Freeze            |     3 |     2 |     1 |     2 ||     8
       Frozen Ramparts   |     2 |    14 |    34 |    22 ||    72
       Summon Ice Beast  |       |       |    20 |    28 ||    48
       Searing Ray       |       |       |     8 |     9 ||    17
 Stab: Sleeping          |     4 |     4 |     7 |     2 ||    17
       Distracted        |       |       |     1 |     1 ||     2
  Eat: Chunk             |     4 |     7 |    16 |    12 ||    39
       Ration            |       |       |     2 |       ||     2
Armor: Skin              |    20 |     2 |     4 |     7 ||    33
Dodge: Dodged            |    71 |    32 |   127 |    91 ||   321
